 Dungeon Crawl Stone Soup version 0.24-a0-500-g46574c2197 (webtiles) character file.

Game seed: 14737369478730619974

55 Akello the Digger (level 3, -3/26 HPs)
             Began as a Draconian Earth Elementalist on July 14, 2019.
             Killed from afar by Sigmund (9 damage)
             ... with a puff of flame
             ... on level 2 of the Dungeon.
             The game lasted 00:02:38 (1506 turns).

Akello the Digger (Draconian Earth Elementalist)    Turns: 1506, Time: 00:02:39

Health: -3/26      AC:  5    Str: 10    XL:     3   Next: 67%
Magic:  5/7        EV: 12    Int: 16    God:
Gold:   63         SH:  0    Dex: 11    Spells: 4/8 levels left

rFire    . . .     SeeInvis .   a - +0 halberd
rCold    . . .     Gourm    .   (shield currently unavailable)
rNeg     . . .     Faith    .   (armour unavailable)
rPois    .         Spirit   .   (helmet restricted)
rElec    .         Reflect  .   (no cloak)
rCorr    .         Harm     .   (no gloves)
MR       .....                  (no boots)
Stlth    ++........             (no amulet)
HPRegen  0.08/turn              (no ring)
MPRegen  0.10/turn              (no ring)

@: no status effects
A: unfitting armour, cold-blooded, AC +5
a: no special abilities


You were on level 2 of the Dungeon.
You were not hungry.

You visited 1 branch of the dungeon, and saw 2 of its levels.

You collected 63 gold pieces.

Inventory:

Hand Weapons
 a - a +0 halberd (weapon)
Missiles
 b - 82 stones (quivered)
Jewellery
 l - a +5 amulet of reflection
Wands
 m - a wand of paralysis (9)
Scrolls
 d - 5 scrolls of identify {unknown}
 e - 2 scrolls of teleportation {unknown}
 g - 2 scrolls of enchant armour {unknown}
 h - a scroll of random uselessness {unknown}
 k - a scroll of remove curse {unknown}
 n - a scroll of fear {unknown}
 o - a scroll of fog {unknown}
Potions
 f - 3 potions of agility
 j - 2 potions of curing
Comestibles
 c - 3 rations


   Skills:
 - Level 1.7 Dodging
 - Level 1.7 Stealth
 + Level 3.0 Spellcasting
   Level 1.0 Transmutations
 + Level 3.9 Earth Magic


You had 4 spell levels left.
You knew the following spells:

 Your Spells              Type           Power        Failure   Level  Hunger
a - Sandblast             Erth           ###...       3%          1    #......
b - Stone Arrow           Conj/Erth      #.....       26%         3    ###....

Your spell library contained the following spells:

 Spells                   Type           Power        Failure   Level  Hunger
 Passwall                 Tmut/Erth      ##......     10%         2    ##.....
 Petrify                  Tmut/Erth      ##......     54%         4    #####..
 Lee's Rapid Deconstruct  Erth           ###.......   71%         5    ######.


Dungeon Overview and Level Annotations

Branches:
Dungeon (2/15)

Altars:

Annotations:
D:2 Sigmund


Innate Abilities, Weirdness & Mutations

Your plain brown scales are hard. (AC +5)
You cannot fit into any form of body armour.
You are cold-blooded and may be slowed by cold attacks.


Message History

Confirm with . or Enter, or press ? or * to list all spells.
Aiming: Sandblast (safe; 3% risk of failure)
Press: ? - help, Shift-Dir - straight line The blast of sand hits something.
b - 83 stones Something hits you.
Casting: Sandblast (safe; 3% risk of failure)
Confirm with . or Enter, or press ? or * to list all spells.
Aiming: Sandblast (safe; 3% risk of failure)
Press: ? - help, Shift-Dir - straight line
b - 82 stones Something hits you!
A puff of flame appears from out of thin air!
The puff of flame hits you.
* * * LOW HITPOINT WARNING * * *
Sigmund appears from thin air!
Reactivating autopickup.
Sigmund gestures at you while chanting. The puff of flame hits you!
You die...

# #.>.....#...#.#.##........#
#.......#..###..#######...#
#.........## ##.# #......
##########.###.## #...###
##.#.###### #...# ### ##..# #..
(#.# #####.###### ##.# #.# .#
...........#####.###)##########
###...#.........@..............
##.#..#..#.######.##...........
#.##....#..# #.#.###...!...?
##.#.####### #@#.# #........
##..# #.#.###.......$ ##...#
#.##........... ##..+
#.............. ###
#......#####.### #......# .#


You could see Sigmund.

Vanquished Creatures
  An adder (D:2)
  A gnoll (D:1)
  2 giant cockroaches
  6 goblins (D:1)
  4 hobgoblins (D:1)
  4 jackals (D:2)
  6 kobolds
  3 bats (D:1)
  2 frilled lizards (D:1)
  6 rats (D:1)
35 creatures vanquished.

Notes
Turn   | Place    | Note
-------+----------+-------------------------------------------
     0 | D:1      | Akello the Draconian Earth Elementalist began the quest for
                  | the Orb.
     0 | D:1      | Reached XP level 1. HP: 14/14 MP: 3/3
     6 | D:1      | Noticed an anaconda
     6 | D:1      | Noticed a wyvern
     6 | D:1      | Noticed a redback
     7 | D:1      | Noticed a hound
     9 | D:1      | Reached XP level 2. HP: 20/20 MP: 1/5
   469 | D:1      | Reached XP level 3. HP: 8/26 MP: 0/7
  1016 | D:1      | Learned a level 3 spell: Stone Arrow
  1469 | D:2      | Noticed Sigmund
  1506 | D:2      | Killed from afar by Sigmund

Levels and vault maps discovered:
D:1:      onia_arrival_zoo_common, layout_loops_ring, minmay_hexomino_f4
D:2:      layout_loops_cross, gammafunk_temple_overflow_statue, uniq_sigmund

Skill      XL: |  1  2  3 |
---------------+----------+-----
Spellcasting   | 3 |  3.0
Dodging        | |  1.7
Stealth        | |  1.7
Transmutations | |  1.0
Earth Magic    | |  3.9

Action                   || total
-------------------------++-------
Melee: Halberd           ||    76
       Tailslap          ||     3
 Cast: Sandblast         ||    36
  Use: Potion            ||     4
 Stab: Sleeping          ||     2
  Eat: Chunk             ||     2
Armor: Skin              ||    29
Dodge: Dodged            ||    65

Table legend:
 A = Non-vault XP
 B = Vault XP
 C = Vault XP percentage of total XP
 D = Non-vault monster count
 E = Vault monster count
 F = Vault count percentage of total count
                 A         B        C        D         E       F
            +---------+---------+-------+---------+---------+-------
      Total |      75 |       4 |   5.1 |      33 |       2 |   5.7
            +---------+---------+-------+---------+---------+-------
        D:1 |      48 |       4 |   7.7 |      25 |       2 |   7.4
        D:2 |      27 |       0 |   0.0 |       8 |       0 |   0.0
            +---------+---------+-------+---------+---------+-------
